 Dungeon Crawl Stone Soup version 0.20-a0-792-g09bcfd3 (webtiles) character file.

476 nono the Chucker (level 7, -7/37 HPs)
             Began as a Vine Stalker Hunter on Feb 28, 2017.
             Was an Initiate of Makhleb.
             Killed by nerve-wracking pain
             ... invoked by Grinder
              (11 damage)
             ... on level 6 of the Dungeon.
             The game lasted 00:05:57 (957 turns).

nono the Chucker (Vine Stalker Hunter)               Turns: 957, Time: 00:05:58

Health: -7/37      AC:  4    Str: 14 (17) XL:     7   Next: 10%
Magic:  0/8        EV: 17    Int: 15 (16) God:    Makhleb [......]
Gold:   126        SH:  0    Dex: 16 (19) Spells: 6/6 levels left

rFire    . . .     SeeInvis .   l - +0 dagger (elec)
rCold    . . .     Gourm    .   b - +1 leather armour
rNeg     . . .     Faith    .   (no shield)
rPois    .         Spirit   +   (no helmet)
rElec    .         Reflect  .   (no cloak)
rCorr    .         Harm     .   (no gloves)
MR       .....                  (no boots)
Stlth    +++.......             (no amulet)
Regen    0.6/turn               (no ring)
MPRegen  0.2/turn               (no ring)

@: brilliant, agile
A: fangs 2, regeneration 1, magic shield, antimagic bite, no potion heal 3, rot
immunity
a: Renounce Religion


You were on level 6 of the Dungeon.
You worshipped Makhleb.
Makhleb was noncommittal.
You were not hungry.

You visited 2 branches of the dungeon, and saw 7 of its levels.

You collected 126 gold pieces.

Inventory:

Hand Weapons
 a - a +0 short sword
 l - a +0 dagger of electrocution (weapon)
Missiles
 c - 6 javelins (quivered)
 d - a throwing net
 m - 3 tomahawks
Armour
 b - a +1 leather armour (worn)
Scrolls
 e - a scroll of immolation {unknown}
 i - a scroll of enchant armour
 j - 3 scrolls of identify {unknown}
 p - a scroll of fog {unknown}
Potions
 k - a potion of magic {unknown}
 n - a potion of invisibility {unknown}
Comestibles
 f - 4 bread rations
 q - a royal jelly


   Skills:
 + Level 4.1 Fighting
 + Level 3.7 Short Blades
 - Level 5.0 Throwing
 - Level 1.5 Dodging
 - Level 1.2 Stealth


You had 6 spell levels left.
You didn't know any spells.

Dungeon Overview and Level Annotations

Branches:
Dungeon (6/15)             Temple (1/1) D:5

Altars:
Kikubaaqudgha
Makhleb
Zin

Annotations:
D:6 Grinder


Innate Abilities, Weirdness & Mutations

You have extremely sharp teeth.
Your natural rate of healing is unusually fast.
When hurt, damage is shared between your health and your magic reserves.
Your bite disrupts and absorbs the magic of your enemies.
Potions cannot restore your health.
You are immune to rotting.


Message History

Grinder hits you!
You writhe in agony.
Okay, then.
You barely miss Grinder. Your bite misses Grinder.
Grinder is moderately wounded.
Grinder hits you!
* * * LOW HITPOINT WARNING * * *
You writhe in agony.
* * * LOW HITPOINT WARNING * * *
It was a potion of degeneration.
There was something very wrong with that liquid.
You feel weakened.
You feel dopey.
You feel clumsy.
Grinder falters for a moment.
It was a potion of brilliance.
You feel clever all of a sudden.
Grinder falters for a moment.
It was a potion of agility.
You feel agile all of a sudden. Grinder gestures at you.
Pain shoots through your body!
You die...

..≈......... #.
...>.....
#.##....#...
##..#.......# # ##
##...#†#.##..#.#
...#.....Z#.##..#.#
.........#.##....#
..##..8..#.##5...#
+........##@...#
...##.....#.##..#.#
......<.........#
.<.####.#.......#
....................
......#)#######.#...#
...##.#......<#......
.. # ###########.#.(
...#


You could see Grinder.

Vanquished Creatures
  An orc warrior (D:6)
  An ogre (D:5)
  A bullfrog (D:6)
  A wyvern skeleton (D:6)
  A howler monkey (D:5)
  A bullfrog skeleton (D:6)
  A killer bee zombie (D:6)
  A worker ant zombie (D:6)
  A howler monkey skeleton (D:6)
  An adder (D:2)
  3 worms (D:2)
  5 leopard geckos
  7 orcs
  4 giant cockroaches
  4 goblins
  4 hobgoblins
  7 jackals
  4 bats
  A jackal zombie (D:6)
  3 kobolds (D:1)
  3 rats
55 creatures vanquished.

Vanquished Creatures (others)
  A howler monkey (D:6)
  An adder skeleton (D:6)
2 creatures vanquished.

Grand Total: 57 creatures vanquished

Notes
Turn   | Place    | Note
-------+----------+-------------------------------------------
     0 | D:1      | nono the Vine Stalker Hunter began the quest for the Orb.
     0 | D:1      | Reached XP level 1. HP: 11/11 MP: 2/2
    94 | D:1      | Reached skill level 4 in Throwing
    94 | D:1      | Reached XP level 2. HP: 10/15 MP: 3/3
   325 | D:2      | Reached XP level 3. HP: 18/18 MP: 4/4
   365 | D:2      | Found a faded altar of an unknown god.
   556 | D:3      | Found a glowing silver altar of Zin.
   567 | D:3      | Found an ancient bone altar of Kikubaaqudgha.
   603 | D:3      | Reached skill level 5 in Throwing
   603 | D:3      | Gained mutation: Your natural rate of healing is unusually fast. [Vine Stalker growth]
   603 | D:3      | Reached XP level 4. HP: 23/23 MP: 5/5
   734 | D:5      | Entered Level 5 of the Dungeon
   743 | D:5      | Found a burning altar of Makhleb.
   752 | D:5      | Became a worshipper of Makhleb the Destroyer
   763 | D:5      | Reached skill level 1 in Short Blades
   773 | D:5      | Noticed an ogre
   780 | D:5      | Killed an ogre
   780 | D:5      | Reached XP level 5. HP: 23/28 MP: 6/6
   822 | D:5      | Found a staircase to the Ecumenical Temple.
   829 | Temple   | Entered the Ecumenical Temple
   868 | D:6      | Noticed an orc warrior
   871 | D:6      | Killed an orc warrior
   871 | D:6      | Reached XP level 6. HP: 32/32 MP: 7/7
   936 | D:6      | Reached XP level 7. HP: 27/37 MP: 6/8
   942 | D:6      | Noticed Grinder
   957 | D:6      | Killed from afar by Grinder

Vault maps used:
D:1:      dpeg_arrival_stonehenge_12_columns, cheibriados_altar_1
D:2:      tgw_trog, chequers_ecumenical_altar_twisty
D:3:      lemuel_crystal_altar, kiku_gazebo_pond_becter, minmay_misc_feat_room
D:4:      first_bread
D:5:      minmay_temple_entry_hall, basic_altar, minmay_misc_feat_alley
D:6:      marbit_many_paths, serial_undead, serial_undead_f, serial_undead_e,
          serial_undead_e, serial_undead_f, serial_undead_d, serial_undead_f,
          basic_altar, serial_shops, shop, lemuel_flame_loot_1, uniq_grinder
Temple:   eino_temple_scatter_basement

Skill      XL: |  1  2  3  4  5  6 |
---------------+-------------------+-----
Throwing       | 4 5 |  5.0
Fighting       | 2 3 4 |  4.1
Short Blades   | 2 3 |  3.7
Dodging        | |  1.5
Stealth        | |  1.2

Action                   |  1- 3 |  4- 6 |  7- 9 || total
-------------------------+-------+-------+-------++-------
Melee: Short sword       |    55 |       |       ||    55
       Bite              |    17 |    26 |     5 ||    48
       Dagger            |     9 |    79 |    11 ||    99
Throw: Javelin           |    17 |     4 |       ||    21
       Tomahawk          |     2 |       |       ||     2
       Throwing net      |     1 |     1 |       ||     2
  Use: Scroll            |     1 |       |       ||     1
       Potion            |       |       |     3 ||     3
 Stab: Sleeping          |     3 |       |       ||     3
Armor: Leather armour    |    19 |    16 |     1 ||    36
Dodge: Dodged            |    54 |    63 |     3 ||   120
